| TOP OF THE 1ST |
|
Milwaukee Creams batting - Pitching for Charlotte Knights : LHP Greg Mathews
|
|
Pitching: LHP Greg Mathews
|
|
|
Batting: RHB Mark Loretta
|
0-0: Ball 1-0: Ball 2-0: Ball 3-0: Called Strike 3-1: Called Strike 3-2: Foul Ball, location: 2F 3-2: Ground out 6-3 (Groundball, 6, EV 90.0 MPH)
|
|
Batting: SHB Chipper Jones
|
0-0: Ground out 1-3 (Groundball, P, EV 65.6 MPH)
|
|
Batting: SHB Ken Caminiti
|
0-0: Ball 1-0: SOLO HOME RUN (Flyball, 89XD, EV 104.4 MPH), Distance : 393 ft
|
|
Batting: LHB Carlos Delgado
|
0-0: Ground out 4-3 (Groundball, 4, EV 79.4 MPH)
|
| Top of the 1st over - 1 run, 1 hit, 0 errors, 0 left on base; Milwaukee 1 - Charlotte 0 |
| BOTTOM OF THE 1ST |
|
Charlotte Knights batting - Pitching for Milwaukee Creams : LHP Kenny Rogers
|
|
Pitching: LHP Kenny Rogers
|
|
|
Batting: SHB Orlando Merced
|
0-0: Swinging Strike 0-1: Foul Ball, location: 2F 0-2: Foul Ball, location: 2F 0-2: Foul Ball, location: 2F 0-2: Ball 1-2: Foul Ball, location: 2F 1-2: Foul Ball, location: 2F 1-2: Ground out 6-3 (Groundball, 6, EV 80.6 MPH)
|
|
Batting: LHB Jason Giambi
|
0-0: Ball 1-0: Called Strike 1-1: Swinging Strike 1-2: Strikes out swinging
|
|
Batting: RHB Shane Mack
|
0-0: Called Strike 0-1: Ball 1-1: Ball 2-1: Ball 3-1: Base on Balls
|
|
Batting: RHB Nomar Garciaparra
|
0-0: Fly out, F9 (Flyball, 89M, EV 86.3 MPH)
|
| Bottom of the 1st over - 0 runs, 0 hits, 0 errors, 1 left on base; Milwaukee 1 - Charlotte 0 |
| TOP OF THE 2ND |
|
Milwaukee Creams batting - Pitching for Charlotte Knights : LHP Greg Mathews
|
|
Batting: LHB John Elway
|
0-0: Called Strike 0-1: Foul Ball, location: 2F 0-2: Ball 1-2: Foul Ball, location: 2F 1-2: Strikes out swinging
|
|
Batting: SHB Gerald Young
|
0-0: Bunt for hit to 15S - play at first, batter OUT! 1-3
|
|
Batting: SHB Jorge Posada
|
0-0: Ball 1-0: SINGLE (Line Drive, 89M, EV 92.5 MPH)
|
|
Batting: RHB Rey Sanchez
|
0-0: Ball 1-0: SINGLE (Groundball, 56D, EV 101.9 MPH) Jorge Posada to second
|
|
Batting: LHB Tom Goodwin
|
0-0: Ball 1-0: Fly out, F8 (Flyball, 8RD, EV 106.9 MPH)
|
| Top of the 2nd over - 0 runs, 2 hits, 0 errors, 2 left on base; Milwaukee 1 - Charlotte 0 |
| BOTTOM OF THE 2ND |
|
Charlotte Knights batting - Pitching for Milwaukee Creams : LHP Kenny Rogers
|
|
Batting: SHB David Segui
|
0-0: Swinging Strike 0-1: Ball 1-1: Ball 2-1: SINGLE (Line Drive, 9S, EV 100.0 MPH)
|
|
Batting: SHB Carl Everett
|
0-0: 2-RUN HOME RUN (Flyball, 78XD, EV 100.0 MPH), Distance : 412 ft
|
|
Batting: RHB Chuck Knoblauch
|
0-0: Called Strike 0-1: Ball 1-1: Foul Ball, location: 2F 1-2: Foul Ball, location: 2F 1-2: Foul Ball, location: 2F 1-2: Ball 2-2: Foul Ball, location: 2F 2-2: Foul Ball, location: 2F 2-2: DOUBLE (Line Drive, 7LM, EV 105.6 MPH)
|
|
Batting: RHB Tony Batista
|
0-0: Ball 1-0: Ball 2-0: Called Strike 2-1: Called Strike 2-2: Ball 3-2: Fly out, F8 (Flyball, 8RXD, EV 101.9 MPH) Runner from 2nd tags up, SAFE at 3rd, no throw by CF
|
|
Batting: RHB Todd Zeile
|
0-0: Foul Ball, location: 2F 0-1: Fly out, F7 (Line Drive, 7, EV 91.9 MPH) Runner from 3rd tags up, SCORES, throw by LF
|
|
Batting: SHB Orlando Merced
|
0-0: Ball 1-0: Called Strike 1-1: Ball 2-1: Fly out, F6 (Popup, 6, EV 77.5 MPH)
|
| Bottom of the 2nd over - 3 runs, 3 hits, 0 errors, 0 left on base; Milwaukee 1 - Charlotte 3 |
| TOP OF THE 3RD |
|
Milwaukee Creams batting - Pitching for Charlotte Knights : LHP Greg Mathews
|
|
Batting: RHB Mark Loretta
|
0-0: Called Strike 0-1: Ball 1-1: DOUBLE (Line Drive, 9LS, EV 95.6 MPH)
|
|
Batting: SHB Chipper Jones
|
0-0: Ball 1-0: Ball 2-0: Swinging Strike 2-1: Called Strike 2-2: Ball 3-2: SINGLE (Groundball, 6MD, EV 105.0 MPH) Mark Loretta to third
|
|
Batting: SHB Ken Caminiti
|
0-0: Called Strike 0-1: Fly out, F7 (Flyball, 78S, EV 72.5 MPH)
|
|
Batting: LHB Carlos Delgado
|
0-0: Ball 1-0: Swinging Strike 1-1: Foul Ball, location: 2F 1-2: Foul Ball, location: 2F 1-2: Grounds into double play, 6-4-3 (Groundball, 6, EV 85.0 MPH)
|
| Top of the 3rd over - 0 runs, 2 hits, 0 errors, 1 left on base; Milwaukee 1 - Charlotte 3 |
| BOTTOM OF THE 3RD |
|
Charlotte Knights batting - Pitching for Milwaukee Creams : LHP Kenny Rogers
|
|
Batting: LHB Jason Giambi
|
0-0: Fly out, F6 (Flyball, 6D, EV 85.0 MPH)
|
|
Batting: RHB Shane Mack
|
0-0: Foul Ball, location: 2F 0-1: Called Strike 0-2: Ball 1-2: Ball 2-2: Ground out 6-3 (Groundball, 6, EV 98.8 MPH)
|
|
Batting: RHB Nomar Garciaparra
|
0-0: Fly out, F9 (Flyball, 89M, EV 78.8 MPH)
|
| Bottom of the 3rd over - 0 runs, 0 hits, 0 errors, 0 left on base; Milwaukee 1 - Charlotte 3 |
| TOP OF THE 4TH |
|
Milwaukee Creams batting - Pitching for Charlotte Knights : LHP Greg Mathews
|
|
Batting: LHB John Elway
|
0-0: Ball 1-0: Called Strike 1-1: Ball 2-1: Called Strike 2-2: Strikes out swinging
|
|
Batting: SHB Gerald Young
|
0-0: Ball 1-0: Called Strike 1-1: Ball 2-1: Ball 3-1: Foul Ball, location: 2F 3-2: Ground out 4-3 (Groundball, 4, EV 86.9 MPH)
|
|
Batting: SHB Jorge Posada
|
0-0: Ball 1-0: Ball 2-0: Ball 3-0: Called Strike 3-1: Swinging Strike 3-2: Strikes out looking
|
| Top of the 4th over - 0 runs, 0 hits, 0 errors, 0 left on base; Milwaukee 1 - Charlotte 3 |
| BOTTOM OF THE 4TH |
|
Charlotte Knights batting - Pitching for Milwaukee Creams : LHP Kenny Rogers
|
|
Batting: SHB David Segui
|
0-0: Foul Ball, location: 2F 0-1: Swinging Strike 0-2: Foul Ball, location: 2F 0-2: Ball 1-2: Foul Ball, location: 2F 1-2: Foul Ball, location: 2F 1-2: Foul Ball, location: 2F 1-2: Foul Ball, location: 2F 1-2: Strikes out looking
|
|
Batting: SHB Carl Everett
|
0-0: Ball 1-0: Fly out, F7 (Line Drive, 7S, EV 100.0 MPH)
|
|
Batting: RHB Chuck Knoblauch
|
0-0: Called Strike 0-1: Ball 1-1: Ball 2-1: Ground out U3 (Groundball, 3L, EV 100.6 MPH)
|
| Bottom of the 4th over - 0 runs, 0 hits, 0 errors, 0 left on base; Milwaukee 1 - Charlotte 3 |
| TOP OF THE 5TH |
|
Milwaukee Creams batting - Pitching for Charlotte Knights : LHP Greg Mathews
|
|
Batting: RHB Rey Sanchez
|
0-0: SINGLE (Groundball, 34D, EV 100.0 MPH)
|
|
Batting: LHB Tom Goodwin
|
0-0: Bunt missed! 0-1: Sac Bunt to 15S - play at first, batter OUT! 1-4 Rey Sanchez to second
|
|
Batting: RHB Mark Loretta
|
0-0: Ball 1-0: Ground out 6-3 (Groundball, 6M, EV 100.0 MPH) Rey Sanchez to third
|
|
Batting: SHB Chipper Jones
|
0-0: Ball 1-0: Ball 2-0: Fly out, F7 (Flyball, 7LSF, EV 90.6 MPH)
|
| Top of the 5th over - 0 runs, 1 hit, 0 errors, 1 left on base; Milwaukee 1 - Charlotte 3 |
| BOTTOM OF THE 5TH |
|
Charlotte Knights batting - Pitching for Milwaukee Creams : LHP Kenny Rogers
|
|
Batting: RHB Tony Batista
|
0-0: Swinging Strike 0-1: Ball 1-1: Foul Ball, location: 2F 1-2: Ball 2-2: Ball 3-2: Base on Balls
|
|
Batting: RHB Todd Zeile
|
0-0: Ball 1-0: Bunt missed! 1-1: Ball 2-1: Ball 3-1: Bunt missed! 3-2: Strikes out swinging
|
|
Batting: SHB Orlando Merced
|
0-0: Ball 1-0: Ball 2-0: Foul Ball, location: 2F 2-1: Fly out, F7 (Flyball, 7S, EV 93.8 MPH)
|
|
Batting: LHB Jason Giambi
|
0-0: Ground out 4-3 (Groundball, 4, EV 89.4 MPH)
|
| Bottom of the 5th over - 0 runs, 0 hits, 0 errors, 1 left on base; Milwaukee 1 - Charlotte 3 |
| TOP OF THE 6TH |
|
Milwaukee Creams batting - Pitching for Charlotte Knights : LHP Greg Mathews
|
|
Batting: SHB Ken Caminiti
|
0-0: Ball 1-0: Ball 2-0: Ball 3-0: Called Strike 3-1: Called Strike 3-2: Foul Ball, location: 2F 3-2: Ground out 6-3 (Groundball, 6, EV 85.0 MPH)
|
|
Batting: LHB Carlos Delgado
|
0-0: Ball 1-0: Called Strike 1-1: Ball 2-1: Foul Ball, location: 2F 2-2: Ball 3-2: SINGLE (Line Drive, 7S, EV 100.0 MPH)
|
|
Batting: LHB John Elway
|
0-0: Ball 1-0: SINGLE (Line Drive, 7S, EV 94.4 MPH) Carlos Delgado to second
|
|
Batting: SHB Gerald Young
|
0-0: Called Strike 0-1: Ball 1-1: Ball 2-1: SINGLE (Groundball, 34D, EV 96.9 MPH) Carlos Delgado to third John Elway to second
|
|
Batting: SHB Jorge Posada
|
0-0: Foul Ball, location: 2F 0-1: Ball 1-1: Ball 2-1: Called Strike 2-2: SINGLE (Groundball, 6D, EV 107.5 MPH) Carlos Delgado scores John Elway to third Gerald Young to second Runner from 3rd tries for Home, SAFE, throw by CF to home
|
|
Batting: RHB Rey Sanchez
|
0-0: Ball 1-0: Reached on error, E4 (Groundball, 4, EV 97.5 MPH) Gerald Young to third Jorge Posada to second
|
|
Batting: LHB Tom Goodwin
|
0-0: Ball 1-0: Fly out, F9 (Flyball, 9, EV 86.9 MPH) Runner from 3rd tags up, OUT at HOME! 9-2
|
| Top of the 6th over - 2 runs, 4 hits, 1 error, 2 left on base; Milwaukee 3 - Charlotte 3 |
| BOTTOM OF THE 6TH |
|
Charlotte Knights batting - Pitching for Milwaukee Creams : LHP Kenny Rogers
|
|
Batting: RHB Shane Mack
|
0-0: Called Strike 0-1: Ball 1-1: Foul Ball, location: 2F 1-2: Ball 2-2: Ball 3-2: Ground out 6-3 (Groundball, 6, EV 83.8 MPH)
|
|
Batting: RHB Nomar Garciaparra
|
0-0: Swinging Strike 0-1: Foul Ball, location: 2F 0-2: Foul Ball, location: 2F 0-2: Ground out U3 (Groundball, 34S, EV 87.5 MPH)
|
|
Batting: SHB David Segui
|
0-0: SINGLE (Line Drive, 89S, EV 105.6 MPH)
|
|
Batting: SHB Carl Everett
|
0-0: Ball 1-0: Fielders Choice at 2nd, U6 (Groundball, 6M, EV 86.3 MPH)
|
| Bottom of the 6th over - 0 runs, 1 hit, 0 errors, 1 left on base; Milwaukee 3 - Charlotte 3 |
| TOP OF THE 7TH |
|
Milwaukee Creams batting - Pitching for Charlotte Knights : LHP Greg Mathews
|
|
Batting: RHB Mark Loretta
|
0-0: Ball 1-0: Fly out, F9 (Flyball, 9S, EV 86.9 MPH)
|
|
Batting: SHB Chipper Jones
|
0-0: Ball 1-0: Ball 2-0: Foul Ball, location: 2F 2-1: Foul Ball, location: 2F 2-2: Ball 3-2: Ground out 6-3 (Groundball, 6M, EV 98.1 MPH)
|
|
Batting: SHB Ken Caminiti
|
0-0: Ball 1-0: Called Strike 1-1: Foul Ball, location: 2F 1-2: Ball 2-2: SINGLE (Groundball, 4MD, EV 96.9 MPH)
|
|
Pitching: RHP Tim Burke
|
|
|
Batting: LHB Carlos Delgado
|
0-0: Fly out, F7 (Flyball, 78S, EV 80.0 MPH)
|
| Top of the 7th over - 0 runs, 1 hit, 0 errors, 1 left on base; Milwaukee 3 - Charlotte 3 |
| BOTTOM OF THE 7TH |
|
Charlotte Knights batting - Pitching for Milwaukee Creams : LHP Kenny Rogers
|
|
Batting: RHB Chuck Knoblauch
|
0-0: Ball 1-0: Fly out, F9 (Line Drive, 9D, EV 106.9 MPH)
|
|
Batting: RHB Tony Batista
|
0-0: Ground out U3 (Groundball, 34, EV 104.4 MPH)
|
|
Batting: RHB Todd Zeile
|
0-0: Called Strike 0-1: Called Strike 0-2: Strikes out looking
|
| Bottom of the 7th over - 0 runs, 0 hits, 0 errors, 0 left on base; Milwaukee 3 - Charlotte 3 |
| TOP OF THE 8TH |
|
Milwaukee Creams batting - Pitching for Charlotte Knights : RHP Tim Burke
|
|
Batting: LHB John Elway
|
0-0: Called Strike 0-1: Ball 1-1: Ball 2-1: Foul Ball, location: 2F 2-2: Strikes out swinging
|
|
Batting: SHB Gerald Young
|
0-0: Ball 1-0: Ball 2-0: Foul Ball, location: 2F 2-1: Foul Ball, location: 2F 2-2: Ball 3-2: Reached on error, E2 (Groundball, 13S, EV 74.4 MPH)
|
|
Batting: SHB Jorge Posada
|
0-0: Called Strike Gerald Young steals 2nd base 0-1: Fly out, F9 (Flyball, 9LM, EV 94.4 MPH) Runner from 2nd tags up, SAFE at 3rd, no throw by RF
|
|
Batting: RHB Rey Sanchez
|
0-0: Called Strike 0-1: Foul Ball, location: 2F 0-2: Ball 1-2: Ground out 1-3 (Groundball, 34S, EV 63.8 MPH)
|
| Top of the 8th over - 0 runs, 0 hits, 1 error, 1 left on base; Milwaukee 3 - Charlotte 3 |
| BOTTOM OF THE 8TH |
|
Charlotte Knights batting - Pitching for Milwaukee Creams : LHP Kenny Rogers
|
|
Pitching: LHP Rob Murphy
|
|
|
Batting: SHB Orlando Merced
|
0-0: Swinging Strike 0-1: Fly out, F8 (Flyball, 8LD, EV 101.3 MPH)
|
|
Batting: LHB Jason Giambi
|
0-0: Ball 1-0: Ball 2-0: Foul Ball, location: 2F 2-1: Foul Ball, location: 2F 2-2: Ball 3-2: Base on Balls
|
|
Batting: RHB Shane Mack
|
0-0: Ball 1-0: Fly out, F8 (Flyball, 8RD, EV 103.8 MPH)
|
|
Batting: RHB Nomar Garciaparra
|
0-0: Called Strike 0-1: Fly out, F8 (Flyball, 89S, EV 88.8 MPH)
|
| Bottom of the 8th over - 0 runs, 0 hits, 0 errors, 1 left on base; Milwaukee 3 - Charlotte 3 |
| TOP OF THE 9TH |
|
Milwaukee Creams batting - Pitching for Charlotte Knights : RHP Tim Burke
|
|
Batting: LHB Tom Goodwin
|
0-0: Ball 1-0: SINGLE (Groundball, 4M, EV 97.5 MPH)
|
|
Batting: RHB Mark Loretta
|
0-0: Ball 1-0: Bunt missed! 1-1: Ball 2-1: Bunt missed! 2-2: Ground out 5-3 (Groundball, 56, EV 99.4 MPH) Tom Goodwin to second
|
|
Batting: SHB Chipper Jones
|
0-0: Intentional Walk
|
|
Batting: SHB Ken Caminiti
|
0-0: Ball 1-0: Called Strike 1-1: Ball 2-1: Ball 3-1: Foul Ball, location: 2F 3-2: SINGLE (Groundball, 6MD, EV 93.8 MPH) Tom Goodwin to third Chipper Jones to second Runner from 3rd tries for Home, SAFE, throw by CF to home
|
|
Pitching: LHP Eric Hillman
|
|
|
Batting: LHB Carlos Delgado
|
0-0: Called Strike 0-1: Ball 1-1: Foul Ball, location: 2F 1-2: Ball 2-2: Ball 3-2: DOUBLE (Flyball, 8LXD, EV 95.6 MPH) Chipper Jones scores Ken Caminiti to third
|
|
Batting: LHB John Elway
|
0-0: Ball 1-0: Ball 2-0: Ball 3-0: Called Strike 3-1: Ground out 1-3 (Groundball, 13, EV 84.4 MPH)
|
|
Pitching: RHP Todd Worrell
|
|
|
Batting: SHB Gerald Young
|
0-0: Ball 1-0: Swinging Strike 1-1: Foul Ball, location: 2F 1-2: Foul Ball, location: 2F 1-2: Ground out 4-3 (Groundball, 4, EV 76.9 MPH)
|
| Top of the 9th over - 2 runs, 3 hits, 0 errors, 2 left on base; Milwaukee 5 - Charlotte 3 |
| BOTTOM OF THE 9TH |
|
Charlotte Knights batting - Pitching for Milwaukee Creams : LHP Rob Murphy
|
|
Batting: SHB David Segui
|
0-0: Called Strike 0-1: Ball 1-1: Swinging Strike 1-2: Strikes out looking
|
|
Batting: SHB Carl Everett
|
0-0: Ball 1-0: Fly out, F8 (Flyball, 8LS, EV 93.8 MPH)
|
|
Batting: RHB Chuck Knoblauch
|
0-0: Called Strike 0-1: Ball 1-1: Foul Ball, location: 2F 1-2: Ground out 5-3 (Groundball, 56, EV 104.4 MPH)
|
| Bottom of the 9th over - 0 runs, 0 hits, 0 errors, 0 left on base; Milwaukee 5 - Charlotte 3 |
|